 Dungeon Crawl Stone Soup version 0.27.1-3-gb3d3a73c9e (webtiles) character file.

Game seed: 17251010653614209735

636 styxcanada the Covered (level 7, -2/61 HPs)
             Began as a Minotaur Fighter on Oct 15, 2021.
             Was an Initiate of Gozag.
             Slain by a two-headed ogre (4 damage)
             ... on level 5 of the Dungeon.
             The game lasted 00:13:05 (4187 turns).

styxcanada the Covered (Minotaur Fighter)           Turns: 4187, Time: 00:13:06

Health: -2/61      AC: 10    Str: 22    XL:     7   Next: 25%
Magic:  6/6        EV:  8    Int:  5    God:    Gozag
Gold:   119        SH: 10    Dex: 10    Spells: 6/6 levels left

rFire    . . .     SeeInvis .   a - +0 war axe
rCold    . . .     Faith    .   c - +0 kite shield
rNeg     + . .     Spirit   .   b - +0 scale mail
rPois    .         Reflect  .   (helmet restricted)
rElec    .         Harm     .   u - +0 cloak
rCorr    +         Rampage  .   (no gloves)
Will     .....                  q - +0 pair of boots
Stlth    ..........             (no amulet)
HPRegen  0.20/turn              w - ring of positive energy
MPRegen  0.10/turn              k - ring of resist corrosion

@: no status effects
A: horns 2, retaliatory headbutt
a: Renounce Religion, Potion Petition, Call Merchant, Bribe Branch


You were on level 5 of the Dungeon.
You worshipped Gozag.
Gozag was aware of your devotion.
You visited 1 branch of the dungeon, and saw 5 of its levels.

You collected 227 gold pieces.
You spent 49 gold pieces at shops.
You paid 59 gold pieces to Gozag.

Inventory:

Hand Weapons
 a - a +0 war axe (weapon)
 f - a +1 dagger of venom
 l - a +0 hunting sling
 v - a +0 mace
Missiles
 g - 134 stones
 o - 5 javelins (quivered)
Armour
 b - a +0 scale mail (worn)
 c - a +0 kite shield (worn)
 q - a +0 pair of boots (worn)
 u - a +0 cloak (worn)
Jewellery
 k - a ring of resist corrosion (right hand)
 n - a ring of fire
 w - a ring of positive energy (left hand)
 x - a ring of positive energy
Scrolls
 e - a scroll of teleportation
 p - a scroll of vulnerability
 y - a scroll of magic mapping
Potions
 d - 2 potions of might
 h - a potion of heal wounds
 i - a potion of cancellation
 j - 3 potions of flight
 m - a potion of mutation
 r - a potion of invisibility
 s - a potion of berserk rage {unknown}
 t - 2 potions of curing {unknown}
 z - a potion of brilliance {unknown}


   Skills:
 * Level 5.4 Fighting
 + Level 5.8 Axes
 + Level 0.4 Throwing
 * Level 6.2 Armour
 + Level 1.2 Dodging
 + Level 5.1 Shields


You had 6 spell levels left.
You didn't know any spells.
Your spell library contained the following spells:

 Spells                   Type           Power      Damage    Failure   Level
 Magic Dart               Conj           0%         1d3       99%         1
 Call Imp                 Summ           0%         N/A       100%        2
 Mephitic Cloud           Conj/Pois/Air  0%         N/A       100%        3


Dungeon Overview and Level Annotations

Branches:
Dungeon (5/15)
 Temple: D:4-7

Altars:
Ashenzari
Gozag
Hepliaklqana
Kikubaaqudgha

Shops:
D:2 *


Innate Abilities, Weirdness & Mutations

You have a pair of horns on your head.
You reflexively headbutt those who attack you in melee.


Message History

There is a stone staircase leading down here.
You climb downwards.
Found 8 gold pieces.
Found a stone staircase leading up.
There is a stone staircase leading up here.
A centaur comes into view.
The centaur shouts!
A scorpion zombie comes into view.
A two-headed ogre comes into view. It is wielding two +0 giant clubs.
Found 20 bolts.
The centaur wields a +0 shortbow.
The centaur shoots an arrow.
The arrow closely misses you.
The centaur shoots an arrow.
You block the arrow.
The centaur shoots an arrow.
You block the arrow.
Found a manual of Crossbows.
The centaur shoots an arrow.
The arrow barely misses you.
The centaur shoots an arrow.
You block the arrow.
The scorpion zombie hits you but does no damage.
The two-headed ogre barely misses you.
The two-headed ogre hits you with a +0 giant club!!
You hit the two-headed ogre but do no damage.
You hit the scorpion zombie. You hit the centaur.
The centaur unwields a +0 shortbow.
The centaur hits you but does no damage.
You block the centaur's attack.
The scorpion zombie hits you but does no damage.
The centaur hits you. You block the centaur's attack.
The two-headed ogre hits you with a +0 giant club!
You block the two-headed ogre's attack.
You slash the centaur!
The centaur is heavily wounded.
You slash the two-headed ogre! You hit the scorpion zombie.
The centaur hits you but does no damage.
You block the centaur's attack.
The scorpion zombie hits you but does no damage.
The centaur hits you but does no damage.
The centaur kicks you but does no damage.
The two-headed ogre hits you with a +0 giant club!!
* * * LOW HITPOINT WARNING * * *
The two-headed ogre hits you with a +0 giant club.
You die...
Your body crumbles into a pile of gold.

#.##. . ##... ##..
### ##..# ##...
###...#...##...#
.......<..#..#####
#...........##...##
#.......##.#.....:##
#.......##..Z.$....#
##....<#....@O.....#
#.....#.....c.....#
#.................##
..........(##.....#
..........# ##..#..
...#...# #...#
..##### ####


You could see a two-headed ogre, a centaur and a scorpion zombie.

Vanquished Creatures
  The ghost of Golfball the Shield-Bearer, an amateur GnFi (D:4)
  An ogre (D:4)
  2 phantoms (D:4)
  Ijyb (D:3)
  A hound skeleton (D:4)
  6 adders
  A gnoll (D:1)
  3 worms
  2 dart slugs
  3 orcs (D:4)
  4 endoplasms
  5 giant cockroaches
  8 goblins
  6 hobgoblins
  3 jackals
  4 quokkas
  7 ball pythons
  4 bats
  4 frilled lizards
  8 kobolds
  8 rats
82 creatures vanquished.

Vanquished Creatures (others)
  2 withered plants (D:4)
2 creatures vanquished.

Grand Total: 84 creatures vanquished

Notes
Turn   | Place    | Note
-------+----------+-------------------------------------------
     0 | D:1      | styxcanada the Minotaur Fighter began the quest for the
                  | Orb.
     0 | D:1      | Reached XP level 1. HP: 19/19 MP: 0/0
   334 | D:1      | Reached XP level 2. HP: 27/27 MP: 1/1
   754 | D:1      | Reached XP level 3. HP: 33/33 MP: 2/2
   766 | D:1      | Reached skill level 4 in Armour
  1304 | D:2      | Found a broken altar of Ashenzari.
  1396 | D:2      | Found a faded altar of an unknown god.
  1535 | D:2      | Found Xaqisiva's General Store.
  1568 | D:2      | Bought a +0 pair of boots for 49 gold pieces
  1582 | D:2      | Reached XP level 4. HP: 41/41 MP: 3/3
  2111 | D:3      | Found a broken altar of Ashenzari.
  2195 | D:3      | Noticed Ijyb
  2247 | D:3      | Killed Ijyb
  2248 | D:3      | Reached XP level 5. HP: 33/47 MP: 4/4
  2366 | D:3      | Found an ancient bone altar of Kikubaaqudgha.
  2577 | D:3      | Found a hazy altar of Hepliaklqana.
  2689 | D:4      | Noticed an ogre
  2694 | D:4      | Killed an ogre
  2695 | D:4      | Reached skill level 5 in Armour
  3042 | D:4      | Reached XP level 6. HP: 53/53 MP: 5/5
  3305 | D:4      | Found a runed translucent door.
  3312 | D:4      | Noticed Golfball's ghost (amateur GnFi)
  3396 | D:4      | Reached skill level 5 in Axes
  3505 | D:4      | Found an opulent altar of Gozag.
  3510 | D:4      | Became a worshipper of Gozag Ym Sagoz the Greedy
  3671 | D:4      | Reached skill level 5 in Fighting
  3671 | D:4      | Reached skill level 1 in Dodging
  3947 | D:4      | Killed Golfball's ghost
  3948 | D:4      | Reached skill level 6 in Armour
  3948 | D:4      | Reached skill level 5 in Shields
  3948 | D:4      | Reached XP level 7. HP: 18/61 MP: 6/6
  4180 | D:5      | Entered Level 5 of the Dungeon
  4182 | D:5      | Noticed a two-headed ogre
  4187 | D:5      | HP: 2/61 [two-headed ogre (29)]
  4187 | D:5      | Slain by a two-headed ogre

Illustrated notes

Levels and vault maps discovered:
D:1:      lightli_molten_gateway, layout_rooms, roderic_serpentine_path,
          chequers_serial_rivers_micro_d
D:2:      layout_rooms, serial_shops, shop,
          dreamdust_ecumenical_altar_sealed_demon, basic_altar,
          minmay_diced_spiral
D:3:      layout_rooms, mainiacjoe_overflow_concentric_impassable,
          mainiacjoe_overflow_alcove_4, lemuel_crystal_altar, uniq_ijyb
D:4:      layout_basic, lemuel_doored_altar, gammafunk_ghost_grave
D:5:      layout_rooms, minmay_temple_entry_slanted,
          minmay_misc_feat_four_crosses, minmay_manual_moon, uniq_menkaure

Skill      XL: |  1  2  3  4  5  6 |
---------------+-------------------+-----
Fighting       | 4 5 |  5.4
Axes           | 3 4 5 |  5.8
Armour         | 4 5 6 |  6.2
Shields        | 4 5 |  5.1
Dodging        | 1 |  1.2
Throwing       | |  0.4

Action                   |  1- 3 |  4- 6 |  7- 9 || total
-------------------------+-------+-------+-------++-------
Melee: War axe           |    89 |   109 |     2 ||   200
       Headbutt          |     9 |    17 |       ||    26
       Unarmed           |       |    14 |       ||    14
Throw: Javelin           |     2 |     5 |       ||     7
  Use: Scroll            |       |    12 |       ||    12
       Potion            |       |     1 |       ||     1
Armor: Scale mail        |    43 |    44 |     7 ||    94
Dodge: Dodged            |    32 |    43 |     3 ||    78
Block: Kite shield       |    53 |    53 |     7 ||   113
